 Dungeon Crawl Stone Soup version 0.26.1-11-gd32895ea62 (webtiles) character file.

Game seed: 3869081574184291697

1827 KamiKatze the Conjurer (level 8, -3/62 HPs)
             Began as a Pale Draconian Conjurer on June 7, 2021.
             Was a Follower of Vehumet.
             Blown up by a big kobold (26 damage)
             ... with a disintegration bolt
             ... on level 6 of the Dungeon.
             The game lasted 00:33:06 (7467 turns).

KamiKatze the Conjurer (Pale Draconian Conjurer)    Turns: 7467, Time: 00:33:07

Health: -3/62      AC:  9    Str:  9    XL:     8   Next: 86%
Magic:  13/16      EV: 12    Int: 21    God:    Vehumet [*.....]
Gold:   496        SH:  0    Dex: 10    Spells: 7/18 levels left

rFire    . . .     SeeInvis .   B - staff of poison (curse)
rCold    . . .     Faith    .   (no shield)
rNeg     . . .     Spirit   .   (armour unavailable)
rPois    +         Reflect  .   (helmet restricted)
rElec    .         Harm     .   (no cloak)
rCorr    .         Rampage  .   k - +2 pair of gloves
Will     .....                  (no boots)
Stlth    ++........             (no amulet)
HPRegen  0.20/turn              r - +4 ring of slaying
MPRegen  0.15/turn              (no ring)

@: no status effects
A: breathe steam, unfitting armour, cold-blooded, AC +6
a: Breathe Steam, Renounce Religion


You were on level 6 of the Dungeon.
You worshipped Vehumet.
Vehumet was aware of your devotion.
You visited 2 branches of the dungeon, and saw 7 of its levels.
You also visited: Sewer and Ossuary.

You collected 496 gold pieces.

Inventory:

Hand Weapons
 a - a +2 dagger of protection
 j - a +0 spectral spear
 q - a +2 dagger of venom
Missiles
 b - 245 stones (quivered)
 f - 4 atropa-tipped darts
Armour
 k - a +2 pair of gloves (worn)
Magical Staves
 B - a cursed staff of poison (weapon)
Jewellery
 e - an uncursed ring of ice
 l - an uncursed ring of fire
 r - a +4 ring of slaying (left hand)
Wands
 v - a wand of flame (14)
 w - a wand of polymorph (17)
Scrolls
 c - 3 scrolls of remove curse
 i - a scroll of identify
 m - a scroll of amnesia
 x - a scroll of teleportation
 C - a scroll of magic mapping
Potions
 d - a potion of cancellation
 h - 3 potions of curing
 n - a potion of berserk rage
 o - 2 potions of resistance
 p - a potion of flight
 s - a potion of might
 u - 2 potions of mutation
 z - a potion of lignification


   Skills:
 + Level 2.5 Fighting
 + Level 3.0 Dodging
 + Level 3.2 Stealth
 * Level 5.8 Spellcasting
 * Level 7.2 Conjurations
 * Level 3.6 Hexes
 * Level 4.0 Translocations


You had 7 spell levels left.
You knew the following spells:

 Your Spells              Type           Power        Failure   Level
a - Magic Dart            Conj           100%         1%          1
b - Searing Ray           Conj           72%          1%          2
c - Fulminant Prism       Conj/Hex       14%          11%         4
d - Iskenderun's Mystic   Conj/Tloc      29%          10%         4

Your spell library contained the following spells:

 Spells                   Type           Power        Failure   Level
 Freeze                   Ice            24%          10%         1
 Dazzling Flash           Conj/Hex       58%          3%          3
 Beastly Appendage        Tmut           12%          10%         1
 Wereblood                Tmut           6%           16%         2
 Spider Form              Tmut/Pois      4%           30%         3
 Ice Form                 Ice/Tmut       6%           69%         4
 Blade Hands              Tmut           3%           95%         5


Dungeon Overview and Level Annotations

Branches:
Dungeon (6/15)             Temple (1/1) D:5           Sewer (visited)
Ossuary (visited)

Altars:
Ashenzari
Cheibriados
Dithmenos
Gozag
Hepliaklqana
Kikubaaqudgha
Makhleb
Nemelex Xobeh
Okawaru
Ru
Sif Muna
Trog
Uskayaw
Vehumet
Wu Jian
Xom
Yredelemnul
Zin
The Shining One

Annotations:
D:3 2 transporters, H0rd4k's ghost, amateur OpTm


Innate Abilities, Weirdness & Mutations

You can breathe blasts of scalding, opaque steam.
Your pale cyan-grey scales are hard. (AC +6)
You cannot fit into any form of body armour.
You are cold-blooded and may be slowed by cold attacks.


Message History

Unknown command.
Casting: Searing Ray (safe; 1% risk of failure)
Confirm with . or Enter, or press ? or * to list all spells.
Aiming: Magic Dart (safe; 1% risk of failure)
Press: ? - help, Shift-Dir - straight line, f - orc
Aim: an orc, wielding a +0 club and quivering 3 silver boomerangs (0% to evade)
The magic dart hits the orc.
The orc is almost dead.
The orc throws a silver boomerang.
The silver boomerang barely misses you.
The weapon returns to the orc!
Casting: Magic Dart (safe; 1% risk of failure)
Confirm with . or Enter, or press ? or * to list all spells.
Aiming: Magic Dart (safe; 1% risk of failure)
Press: ? - help, Shift-Dir - straight line, f/p - orc
Aim: an orc, wielding a +0 club and quivering 3 silver boomerangs (severely wounded, 0% to evade)
The magic dart hits the orc.
You kill the orc!
Vehumet accepts your kill.
The big kobold zaps a wand.
You are blasted!
You die...

#####.###
#.....#...
#.##
#####.....
#..# ######
##.# # #.# #
#.# # #.# #
#.# # #@#
#.# #.# #.#
#.# # #.#
...
#K#####.....
#.......K...
#.######..._


You could see a big kobold.

Vanquished Creatures
  A meliai (D:6)
  A wraith (D:5)
  3 phantoms (D:4)
  2 ogres
  2 bullfrogs (Sewer)
  A scorpion (D:5)
  10 orc wizards
  Jessica (D:3)
  Natasha (thrice) (D:4)
  Terence (D:3)
  3 worker ants (D:4)
  8 mummies (Ossuary)
  A worker ant zombie (D:5)
  7 adders
  4 gnolls (D:3)
  2 worms
  3 dart slugs
  9 leopard geckos
  29 orcs
  4 ball pythons
  5 bats
  10 giant cockroaches
  A gnoll zombie (Ossuary)
  9 goblins
  5 hobgoblins
  4 jackals (D:3)
  2 quokkas
  14 frilled lizards
  3 hobgoblin zombies (Ossuary)
  9 kobolds
  4 orc zombies (Ossuary)
  A quokka zombie (D:5)
  9 rats
171 creatures vanquished.

Vanquished Creatures (others)
  A fulminant prism (D:6)
  3 plants (D:1)
4 creatures vanquished.

Grand Total: 175 creatures vanquished

Notes
Turn   | Place    | Note
-------+----------+-------------------------------------------
     0 | D:1      | KamiKatze the Draconian Conjurer began the quest for the
                  | Orb.
     0 | D:1      | Reached XP level 1. HP: 14/14 MP: 3/3
   241 | D:1      | Found a shimmering altar of Xom.
   257 | D:1      | Reached XP level 2. HP: 20/20 MP: 1/5
   448 | D:1      | Learned a level 2 spell: Searing Ray
   705 | D:1      | Reached XP level 3. HP: 24/26 MP: 3/6
  1349 | D:2      | Found an ancient bone altar of Kikubaaqudgha.
  1686 | D:2      | Found a glowing golden altar of the Shining One.
  1989 | D:2      | Found a glowing silver altar of Zin.
  2310 | D:2      | Reached XP level 4. HP: 33/33 MP: 6/8
  2352 | D:3      | Noticed Terence
  2378 | D:3      | Killed Terence
  2643 | D:3      | Found a transporter.
  2644 | D:3      | Noticed an orc warrior
  2647 | D:3      | Noticed H0rd4k's ghost (amateur OpTm)
  2656 | D:3      | Found a transporter.
  2694 | D:3      | Reached skill level 5 in Conjurations
  2750 | D:3      | Noticed Jessica
  2923 | D:3      | Killed Jessica
  2924 | D:3      | Reached XP level 5. HP: 38/38 MP: 6/10
  3301 | D:3      | Learned a level 4 spell: Fulminant Prism
  3306 | D:3      | Learned a level 4 spell: Iskenderun's Mystic Blast
  3813 | D:4      | Noticed a phantom
  3881 | D:4      | Noticed an ogre
  3894 | D:4      | Reached XP level 6. HP: 21/45 MP: 8/12
  3896 | D:4      | Reached skill level 1 in Hexes
  3896 | D:4      | Reached skill level 1 in Translocations
  3981 | D:4      | Found a sand-covered staircase.
  3987 | Ossuary  | Entered an ossuary
  4015 | Ossuary  | Reached skill level 6 in Conjurations
  4487 | Ossuary  | Your scales start taking on a pale cyan-grey colour.
  4487 | Ossuary  | Reached XP level 7. HP: 50/50 MP: 8/14
  4850 | D:4      | Noticed Natasha
  4862 | D:4      | Killed Natasha
  4911 | D:4      | Noticed Natasha
  4915 | D:4      | Killed Natasha
  4916 | D:4      | Reached skill level 1 in Fighting
  4916 | D:4      | Reached skill level 5 in Spellcasting
  4965 | D:4      | Noticed Natasha
  4971 | D:4      | Killed Natasha
  5389 | D:4      | Found an ornate altar of the Wu Jian Council.
  5439 | D:5      | Entered Level 5 of the Dungeon
  5480 | D:5      | Found a bloodstained altar of Trog.
  5519 | D:5      | Found a staircase to the Ecumenical Temple.
  5528 | Temple   | Entered the Ecumenical Temple
  5572 | Temple   | Became a worshipper of Vehumet
  5651 | D:5      | Found a glowing drain.
  5660 | Sewer    | Entered a sewer
  5673 | Sewer    | Reached XP level 8. HP: 53/59 MP: 11/15
  6421 | D:5      | Reached * piety under Vehumet
  6421 | D:5      | Offered knowledge of Freeze by Vehumet.
  6747 | D:6      | Noticed a meliai
  6752 | D:6      | Killed a meliai
  6753 | D:6      | Reached skill level 7 in Conjurations
  7223 | D:6      | Noticed a +0 dagger
  7223 | D:6      | Noticed a +0 hand axe
  7237 | D:6      | Found a hide-covered altar of Uskayaw.
  7456 | D:6      | Found a glowing silver altar of Zin.
  7467 | D:6      | Blown up by a big kobold

Illustrated notes

Levels and vault maps discovered:
D:1:      dpeg_arrival_subterranean_lakeside_camping, layout_basic,
          serial_forest, infiniplex_forest_lined_ring,
          infiniplex_forest_zigzag_1, infiniplex_forest_end_3,
          infiniplex_forest_lined_room_3, infiniplex_forest_clump_cross,
          infiniplex_forest_zigzag_1, infiniplex_forest_corner_2,
          infiniplex_forest_clump_small, infiniplex_forest_lined_2,
          infiniplex_forest_lined_2, serial_bayou_pond_e, xom_teletrap_fun
D:2:      minmay_general_purpose_star, layout_loops_corners,
          nicolae_tso_carved_into_rock, kiku_gazebo_garden_becter,
          old_standard_altar
D:3:      layout_basic, gammafunk_ghost_arena, minmay_misc_feat_roman,
          uniq_terence, uniq_jessica
D:4:      layout_cave_pools, pdpol_wu_jian_five_deadly_venoms, enter_ossuary_2,
          uniq_natasha
D:5:      layout_rooms, bloody_trog, minmay_temple_entry_waves,
          portal_sewer_entry_a
D:6:      minmay_cornered_nines, layout_rooms, dancing_weapons_uskayaw,
          basic_altar, small_statue_intersection, uniq_crazy_yiuf_cottage
Temple:   minmay_temple_bridge_abc

Skill      XL: |  1  2  3  4  5  6  7  8 |
---------------+-------------------------+-----
Stealth        | 2 3 |  3.2
Dodging        | 2 3 |  3.0
Spellcasting   | 3 4 5 |  5.8
Conjurations   | 5 6 7 |  7.2
Hexes          | 1 2 3 |  3.6
Translocations | 1 2 4 |  4.0
Fighting       | 1 2 |  2.5

Action                   |  1- 3 |  4- 6 |  7- 9 || total
-------------------------+-------+-------+-------++-------
Melee: Short sword       |    42 |       |       ||    42
       Unarmed           |     5 |       |       ||     5
       Tailslap          |     4 |     4 |     1 ||     9
       Spear             |    10 |    14 |       ||    24
       Dagger            |       |    26 |    20 ||    46
       Staff             |       |       |     1 ||     1
Throw: Stone             |     3 |       |       ||     3
 Cast: Magic Dart        |    63 |    21 |    49 ||   133
       Searing Ray       |     2 |    26 |    49 ||    77
       Iskenderun's Myst |       |       |     1 ||     1
       Fulminant Prism   |       |       |     1 ||     1
  Use: Scroll            |       |     2 |    17 ||    19
       Potion            |       |       |     4 ||     4
Armor: Skin              |    21 |    14 |    27 ||    62
Dodge: Dodged            |    44 |    33 |    62 ||   139
